 Dungeon Crawl Stone Soup version 0.21-a0-630-g344d351 (webtiles) character file.

968 shenanigans the Skirmisher (level 8, -1/58 HPs)
             Began as a Barachi Skald on Dec 25, 2017.
             Slain by an iguana (10 damage)
             ... on level 4 of the Dungeon.
             The game lasted 00:13:47 (5354 turns).

shenanigans the Skirmisher (Barachi Skald)          Turns: 5354, Time: 00:13:47

Health: -1/58      AC: 11    Str: 14    XL:     8   Next: 15%
Magic:  11/11      EV:  7    Int: 15    God:
Gold:   182        SH:  0    Dex: 11    Spells: 10/11 levels left

rFire    . . .     SeeInvis .   a - +0 hand axe
rCold    . . .     Gourm    .   (no shield)
rNeg     . . .     Faith    .   i - +1 chain mail
rPois    +         Spirit   .   (no helmet)
rElec    .         Reflect  .   (no cloak)
rCorr    .         Harm     .   (no gloves)
MR       .....                  (no boots)
Stlth    ..........             (no amulet)
HPRegen  0.19/turn              g - ring of poison resistance
MPRegen  0.12/turn              (no ring)

@: slow
A: +LOS, swims, deterioration 1, frail 1, slowness 1, evolution 1, strong legs 1
a: Hop


You were on level 4 of the Dungeon.
You were very hungry.

You visited 1 branch of the dungeon, and saw 5 of its levels.
You also visited: Ossuary.

You collected 182 gold pieces.

Inventory:

Hand Weapons
 a - a +0 hand axe (weapon)
Armour
 b - a +0 leather armour
 h - a +0 chain mail
 i - a +1 chain mail (worn)
Jewellery
 g - a ring of poison resistance (left hand)
Wands
 n - a wand of polymorph (17)
Scrolls
 f - 4 scrolls of teleportation
 j - a scroll of enchant armour
 m - a scroll of identify {unknown}
Potions
 e - 2 potions of heal wounds
 k - 4 potions of curing {unknown}
 l - 3 potions of flight
Books
 c - a book of Battle

   Spells                             Type                      Level
   a - Infusion                       Charms                       1
   b - Shroud of Golubria             Charms/Translocation         2
   c - Song of Slaying                Charms                       2
   d - Spectral Weapon                Hexes/Charms                 3
   e - Regeneration                   Charms/Necromancy            3
Comestibles
 d - 2 rations


   Skills:
 + Level 6.7 Fighting
 + Level 6.1 Axes
 + Level 6.3 Armour
 - Level 2.1 Dodging
 - Level 2.1 Spellcasting
 - Level 3.2 Charms


You had 10 spell levels left.
You knew the following spells:

 Your Spells              Type           Power        Failure   Level  Hunger
a - Infusion              Chrm           ##..         71%         1    #......


Dungeon Overview and Level Annotations

Branches:
Dungeon (5/15)
 Temple: D:4-7

Altars:
Elyvilon
Gozag
Hepliaklqana
Qazlal
Xom
Yredelemnul


Innate Abilities, Weirdness & Mutations

Shadows flee at your approach. (+LOS)
You can swim through water.
You cover ground slowly.
You can hop short distances.
Your body sometimes deteriorates upon taking damage.
You are frail. (-10% HP)
You evolve.


Message History

You feel your strength returning.
Your Axes skill increases to level 6!
You hit the iguana but do no damage. The iguana bites you.
* * * LOW HITPOINT WARNING * * *
The iguana barely misses you.
You hit the iguana.
The iguana is moderately wounded.
The iguana barely misses you.
You completely miss the iguana.
The iguana is moderately wounded.
The iguana bites you.
* * * LOW HITPOINT WARNING * * *
You hit the iguana but do no damage.
The iguana is moderately wounded.
The iguana bites you.
* * * LOW HITPOINT WARNING * * *
You hit the iguana but do no damage.
The iguana is moderately wounded.
The iguana bites you!
You die...

...### #..........##### #.
##l..#### ###.#....#..##******
#.
l.......###...#..........,,,,*
#.
.........................#****
#. ###..#######.....#########
#. ##..######.......# #.
.................# #.
..####.####..##..# #.
.##....####.###l@# #.
.#..##......# #..# ##.
...##..########..# #..
.####.........#..# #.#
####.>...........# #.#
#....#..)........# #.#
#.####.........### #.# #.#
#.........#### #.# #.#
#............### #.#


You could see an iguana.

Vanquished Creatures
  Sigmund (D:3)
  An ice beast (D:4)
  The ghost of Maxmaps the Sneak, an amateur DsWn (D:3)
  A centaur (D:5)
  An elf zombie (Ossuary)
  A scorpion (D:5)
  A crimson imp (D:4)
  2 human zombies (Ossuary)
  A bullfrog skeleton (D:4)
  An orc wizard (D:3)
  2 worker ants
  2 big kobold zombies (Ossuary)
  2 mummies (Ossuary)
  6 adders
  2 oozes
  2 adder zombies (Ossuary)
  2 worms
  2 dart slugs
  3 orcs (D:3)
  2 ball pythons
  11 bats
  6 giant cockroaches
  2 goblins (D:3)
  7 hobgoblins
  6 jackals
  6 kobolds
  A quokka (D:2)
  5 frilled lizards
  2 gnoll zombies (D:2)
  9 hobgoblin zombies (Ossuary)
  2 jackal zombies (Ossuary)
  10 kobold zombies (Ossuary)
  9 orc zombies (Ossuary)
  10 rats
122 creatures vanquished.

Notes
Turn   | Place    | Note
-------+----------+-------------------------------------------
     0 | D:1      | shenanigans the Barachi Skald began the quest for the Orb.
     0 | D:1      | Reached XP level 1. HP: 17/17 MP: 3/3
   315 | D:1      | Reached XP level 2. HP: 23/23 MP: 5/5
   490 | D:1      | Reached XP level 3. HP: 26/29 MP: 6/6
  1003 | D:2      | Reached XP level 4. HP: 21/35 MP: 7/7
  1374 | D:2      | Found a stormy altar of Qazlal.
  1439 | D:2      | Found a white marble altar of Elyvilon.
  1663 | D:2      | Found a hazy altar of Hepliaklqana.
  1897 | D:2      | Found a basalt altar of Yredelemnul.
  2313 | D:3      | Found a shimmering altar of Xom.
  2314 | D:3      | Found a shimmering altar of Xom.
  2315 | D:3      | Found a shimmering altar of Xom.
  2315 | D:3      | Found a shimmering altar of Xom.
  2315 | D:3      | Found a shimmering altar of Xom.
  2317 | D:3      | Noticed Maxmaps's ghost (amateur DsWn)
  2380 | D:3      | Reached XP level 5. HP: 35/42 MP: 8/8
  2567 | D:3      | Found a glowing drain.
  2711 | D:3      | Noticed Sigmund
  3103 | D:4      | Noticed an ogre
  3104 | D:4      | Noticed an ice beast
  3107 | D:4      | Gained mutation: You are frail. (-10% HP) [potion of mutation]
  3107 | D:4      | Gained mutation: Your body sometimes deteriorates upon taking damage. [potion of mutation]
  3107 | D:4      | Gained mutation: You evolve. [potion of mutation]
  3183 | D:3      | Found an opulent altar of Gozag.
  3607 | D:3      | Killed Sigmund
  3607 | D:3      | Reached skill level 5 in Fighting
  3607 | D:3      | Reached XP level 6. HP: 36/45 MP: 1/9
  3830 | D:3      | Killed Maxmaps's ghost
  3830 | D:3      | Reached skill level 5 in Armour
  3830 | D:3      | Reached XP level 7. HP: 45/50 MP: 10/10
  4255 | D:4      | Reached skill level 5 in Axes
  4387 | D:5      | Entered Level 5 of the Dungeon
  4432 | D:5      | Found a sand-covered staircase.
  4457 | Ossuary  | Entered an ossuary
  5080 | D:5      | Reached XP level 8. HP: 24/58 MP: 11/11
  5354 | D:4      | Slain by an iguana

Vault maps used:
D:1:      dpeg_arrival_rooms_c
D:2:      lemuel_zombie_altar_yredelemnul, marbit_many_paths,
          nicolae_qazlal_general_emergency, elyvilon_altar_4
D:3:      xom_redecorated, overflow_temple_1_default, portal_sewer_entry_d,
          kennysheep_crisscross, uniq_sigmund
D:5:      kennysheep_mini, first_ration, nicolae_ossuary_entry_ruins
Ossuary:  ossuary_tomb_1

Skill      XL: |  1  2  3  4  5  6  7  8 |
---------------+-------------------------+-----
Armour         | 2 3 4 5 6 |  6.3
Fighting       | 3 5 6 |  6.7
Axes           | 3 4 5 6 |  6.1
Dodging        | |  2.1
Spellcasting   | |  2.1
Charms         | |  3.2

Action                   |  1- 3 |  4- 6 |  7- 9 || total
-------------------------+-------+-------+-------++-------
Melee: Hand axe          |   176 |   244 |   225 ||   645
 Cast: Infusion          |       |     1 |       ||     1
 Abil: Hop               |       |     1 |     2 ||     3
  Use: Scroll            |       |     6 |     1 ||     7
       Potion            |       |     4 |     3 ||     7
  Eat: Chunk             |       |     8 |     1 ||     9
       Ration            |       |     1 |     1 ||     2
Armor: Leather armour    |    25 |       |       ||    25
       Chain mail        |   106 |   203 |   164 ||   473
Dodge: Dodged            |   107 |   107 |    87 ||   301

Table legend:
 A = Spawn XP
 B = Non-spawn XP
 C = Spawn XP percentage of total XP
 D = Spawn monster count
 E = Non-spawn monster count
 F = Spawn count percentage of total count
 G = Total turns spent on level
                    A         B        C        D         E        F      G
               +---------+---------+-------+---------+---------+-------+---------
         Total |       0 |    1383 |   0.0 |       0 |     122 |   0.0 |  5354
               +---------+---------+-------+---------+---------+-------+---------
           D:1 |       0 |      61 |   0.0 |       0 |      29 |   0.0 |   921
           D:2 |       0 |      61 |   0.0 |       0 |      21 |   0.0 |  1661
           D:3 |       0 |     468 |   0.0 |       0 |      23 |   0.0 |  1214
           D:4 |       0 |     263 |   0.0 |       0 |       7 |   0.0 |   655
           D:5 |       0 |     211 |   0.0 |       0 |       3 |   0.0 |   397
       Ossuary |       0 |     319 |   0.0 |       0 |      39 |   0.0 |   506
               +---------+---------+-------+---------+---------+-------+---------
